 Dungeon Crawl Stone Soup version 0.19-a0-944-gb338e1e (webtiles) character file.

359 matakusis the Ducker (level 6, 0/47 HPs)
             Began as a Demonspawn Gladiator on July 9, 2016.
             Slain by an orc warrior
             ... wielding a +0 hand axe
              (17 damage)
             ... on level 4 of the Dungeon.
             The game lasted 00:09:02 (3039 turns).

matakusis the Ducker (Demonspawn Gladiator)         Turns: 3039, Time: 00:09:04

Health: 0/47       AC:  6    Str: 16    XL:     6   Next: 37%
Magic:  6/6        EV: 14    Int:  9    God:
Gold:   66         SH:  0    Dex: 15    Spells: 0 memorised, 5 levels left

rFire  . . .     SeeInvis .     a - +0 long sword
rCold  . . .     Gourm    .     b - +0 leather armour
rNeg   . . .     Faith    .     (no shield)
rPois  .         Spirit   .     c - +0 helmet
rElec  .         Dismiss  .     (no cloak)
rCorr  .         Reflect  .     (no gloves)
SustAt .         Harm     .     (no boots)
MR     .....                    (no amulet)
Stlth  +.........               (no ring)
                                (no ring)

@: starving, not resistant to hostile enchantments, very unstealthy
A: claws 1, thin metallic scales 1, demonic guardian 1, rot immunity
a: no special abilities


You were on level 4 of the Dungeon.
You were starving.

You visited 1 branch of the dungeon, and saw 4 of its levels.

You collected 66 gold pieces.

Inventory:

Hand Weapons
 a - a +0 long sword (weapon)
Missiles
 d - 2 throwing nets (quivered)
Armour
 b - a +0 leather armour (worn)
 c - a +0 helmet (worn)
Wands
 h - a wand of flame (12/48)
Scrolls
 e - a scroll of teleportation {unknown}
 i - a scroll of enchant armour {unknown}
 k - 2 scrolls of remove curse
 p - a scroll of random uselessness {unknown}
Potions
 g - a potion of resistance
 l - 3 potions of cure mutation
 o - a potion of might
Comestibles
 f - 5 bread rations
 m - 2 slices of pizza
 n - a meat ration


   Skills:
 * Level 3.6 Fighting
 + Level 3.5 Long Blades
 - Level 1.7 Throwing
 + Level 1.6 Armour
 * Level 5.0 Dodging


You had 5 spell levels left.
You didn't know any spells.

Dungeon Overview and Level Annotations

Branches:
Dungeon (4/15)
 Temple: D:4-7

Altars:


Innate Abilities, Weirdness & Mutations

You have sharp fingernails.
You are partially covered in thin metallic scales. (AC +2)
A weak demonic guardian rushes to your aid.
You are immune to rotting.


Message History

Unknown command.
You closely miss the orc priest.
The orc priest is lightly wounded.
The orc priest closely misses you. The orc warrior closely misses you.
You riposte.
You closely miss the orc warrior.
The orc warrior is lightly wounded.
The orc priest hits you but does no damage.
Unknown command.
You closely miss the orc priest.
The orc priest is lightly wounded.
The orc warrior completely misses you.
You riposte.
You slash the orc warrior!
The orc warrior is heavily wounded.
The orc priest completely misses you.
You riposte.
You barely miss the orc priest.
The orc priest is lightly wounded.
You are starving!
You barely miss the orc priest.
The orc priest is lightly wounded.
The orc warrior hits you with a hand axe!
You die...

#... #.. #.. ####.#..
########....#.#
#.#.....##†# #.#
#.#.....##.# #.# #
#......[.#.####5###..#..
...............o@ooS.%..
#........####.##a..#..
#.....#######.# ..#
#.............# ..#
####.########## .# #.# #
#.# ######.# ....##.#


You could see an orc warrior, a worker ant, an orc priest, an adder, an orc and
a friendly crimson imp.

Vanquished Creatures
  Sigmund (D:2)
  An orc wizard (D:3)
  Terence (D:2)
  A howler monkey zombie (D:3)
  An adder (D:2)
  3 worms
  2 dart slugs
  3 giant geckos
  5 orcs (D:3)
  2 ball pythons
  A giant cockroach (D:2)
  5 goblins
  7 hobgoblins
  4 jackals (D:2)
  3 bats
  3 giant newts
  8 kobolds
  5 rats
56 creatures vanquished.

Vanquished Creatures (collateral kills)
  A scorpion (D:4)
  Jessica (D:2)
  An adder (D:2)
  An orc (D:4)
  A hobgoblin (D:2)
5 creatures vanquished.

Vanquished Creatures (others)
  A worm (D:4)
1 creature vanquished.

Grand Total: 62 creatures vanquished

Notes
Turn   | Place    | Note
-------+----------+-------------------------------------------
     0 | D:1      | matakusis the Demonspawn Gladiator began the quest for the Orb.
     0 | D:1      | Reached XP level 1. HP: 16/16 MP: 1/1
   195 | D:1      | Reached skill level 3 in Dodging
   313 | D:2      | Gained mutation: A weak demonic guardian rushes to your aid. [demonic ancestry]
   313 | D:2      | Reached XP level 2. HP: 20/22 MP: 2/2
   606 | D:2      | Noticed Jessica
   625 | D:2      | Killed Jessica
   625 | D:2      | Gained mutation: You are immune to rotting. [demonic ancestry]
   625 | D:2      | Reached XP level 3. HP: 28/28 MP: 3/3
   835 | D:2      | Noticed Sigmund
   878 | D:2      | Killed Sigmund
   878 | D:2      | Reached skill level 1 in Armour
   878 | D:2      | Reached skill level 4 in Dodging
   878 | D:2      | Gained mutation: You have sharp fingernails. [demonic ancestry]
   878 | D:2      | Reached XP level 4. HP: 19/35 MP: 4/4
   878 | D:2      | Reached XP level 5. HP: 22/41 MP: 5/5
  1272 | D:2      | Noticed Terence
  1280 | D:2      | Killed Terence
  2096 | D:3      | Gained mutation: You are partially covered in thin metallic scales. (AC +2) [demonic ancestry]
  2096 | D:3      | Reached XP level 6. HP: 47/47 MP: 6/6
  2241 | D:3      | HP: 2/47 [orc/hand axe (4)]
  2862 | D:4      | Reached skill level 5 in Dodging
  3025 | D:4      | Noticed an orc warrior
  3039 | D:4      | Slain by an orc warrior

Vault maps used:
D:1:      dpeg_arrival_tiny_a
D:2:      serial_co_window_serial, co_window_corner_a, co_window_paths_a,
          co_window_paths_a, co_window_corner_a, co_window_paths_a,
          co_window_paths_b, co_window_broadway_a, co_window_broadway_b,
          co_window_paths_c, co_window_4corner_b, co_window_paths_d,
          glass_columns_a, glass_columns_c, glass_columns_b, st_stairs_6,
          uniq_jessica, uniq_terence, uniq_sigmund
D:3:      first_bread
D:4:      nemelex_altar_shiori

Skill      XL: |  1  2  3  4  5  6 |
---------------+-------------------+-----
Dodging        | 3 4 5 |  5.0
Fighting       | 3 |  3.6
Long Blades    | 3 |  3.5
Armour         | 1 |  1.6
Throwing       | |  1.7

Action                   |  1- 3 |  4- 6 || total
-------------------------+-------+-------++-------
Melee: Long sword        |    86 |   165 ||   251
Throw: Throwing net      |     3 |       ||     3
  Use: Scroll            |       |     7 ||     7
       Potion            |       |     3 ||     3
 Stab: Sleeping          |       |     3 ||     3
  Eat: Chunk             |       |     5 ||     5
Armor: Leather armour    |    22 |    36 ||    58
       Skin              |       |     3 ||     3
Dodge: Dodged            |    56 |    98 ||   154
